 Dungeon Crawl Stone Soup version 0.31-a0-1612-g4aaf141004 (webtiles) character file.

Game seed: 12656562518914941409

267790 Xavori the Eclecticist (level 20, -25/160 (162) HPs)
             Began as a Djinni Chaos Knight on Jan 9, 2024.
             Was a Favourite Plaything of Xom.
             Killed from afar by an ironbound thunderhulk (42 damage)
             ... with a bolt of lightning
             ... on level 1 of the Vaults.
             The game lasted 01:04:56 (47260 turns).

Xavori the Eclecticist (Djinni Chaos Knight)       Turns: 47260, Time: 01:04:57

HP:   -25/160 (162) AC: 18    Str:  9    XL:     20   Next: 97%
Gold: 2066          EV: 24    Int: 23    God:    Xom [.*....] SH: 23 Dex: 24

rFire   + + +        J - +4 scimitar (freeze)
rCold   . . .        H - +2 shield of Resistance {rF++ rC++ Will++}
rNeg    + . .        Q - +3 salamander hide armour {Flames, rFlCloud rF++ rC--}
rPois   ∞            M - +2 hat
rElec   .            w - +2 cloak
rCorr   .            j - +3 pair of gauntlets of War {Slay+5}
SInv    .            (boots unavailable)
Will    ++++.        n - amulet of reflection
Stlth   ++           V - ring "Daluibb" {Int+6 Dex+5}
HPRegen 0.46/turn    f - ring of the Irksome God {+Blink rC+ rN+}
MPRegen 0.00/turn

%: reflection, clarity, infuse magic (-26 HP)
@: on blink cooldown, flying, very slightly contaminated, studying 2 skills,
lightly drained
A: sickness immunity, fire resistance 3, cold vulnerability 1, float, innate
caster, HP casting, extra vitality 1, antennae 1, clarity, robust 1, weak 1, no
potion heal 1, inability to read after injury 1, sturdy frame 1
}: 2/15 runes: serpentine, barnacled
a: Renounce Religion, Evoke Blink


You were on level 1 of the Vaults.
You worshipped Xom.
You were a plaything of Xom.
You visited 7 branches of the dungeon, and saw 32 of its levels.
You also visited: Bailey and Ice Cave.

You collected 6161 gold pieces.
You spent 4095 gold pieces at shops.

Inventory:

Hand Weapons
 z - the +8 Vampire's Tooth {megavamp}
   (You found it in a bailey)
 J - a +4 scimitar of freezing (weapon)
Armour
 j - the +3 pair of gauntlets of War (worn) {Slay+5}
   (You bought it in a shop on level 9 of the Dungeon)

   Slay+5:    It affects your accuracy & damage with ranged weapons and melee
   (+5).
 w - a +2 cloak (worn)
 H - the +2 shield of Resistance (worn) {rF++ rC++ Will++}
   (You bought it in a shop on level 3 of the Dungeon)

   rF++:      It greatly protects you from fire.
   rC++:      It greatly protects you from cold.
   Will++:    It greatly increases your willpower.
 M - a +2 hat (worn)
 Q - the +3 salamander hide armour (worn) {Flames, rFlCloud rF++ rC--}
   (You took it off a deep elf pyromancer on level 10 of the Dungeon)

   Flames:    It surrounds you with flame clouds and enhances your fire magic.
   rFlCloud:  It grants immunity to flame clouds.
   rF++:      It greatly protects you from fire.
   rC--:      It makes you very vulnerable to cold.
 U - a +1 kite shield of reflection
Jewellery
 a - a ring of protection from cold
 b - an amulet of faith
 f - the ring of the Irksome God (right hand) {+Blink rC+ rN+}
   (You found it on level 1 of the Vaults)

   [ring of protection from cold]

   rC+:       It protects you from cold.
   rN+:       It protects you from negative energy.
   +Blink:    It lets you blink.
 n - an amulet of reflection (around neck)
 B - the amulet of Xom's Full Attention {Regen+ Slay+3}
   (You bought it in a shop on level 2 of the Snake Pit)

   [amulet of regeneration]

   Slay+3:    It affects your accuracy & damage with ranged weapons and melee
   (+3).
   Regen+:    It increases your rate of health regeneration.
 K - the ring of Daffodils {Str+4 Dex+6}
   (You found it on level 10 of the Dungeon)

   [ring of dexterity]

   Str+4:     It affects your strength (+4).
   Dex+6:     It affects your dexterity (+6).
 O - a +6 ring of dexterity
 S - a +4 ring of slaying
 V - the ring "Daluibb" (left hand) {Int+6 Dex+5}
   (You found it on level 3 of the Shoals)

   [ring of intelligence]

   Int+6:     It affects your intelligence (+6).
   Dex+5:     It affects your dexterity (+5).
 W - a +4 ring of protection
 X - an amulet of the acrobat
Wands
 h - a wand of light (23)
 y - a wand of iceblast (37)
 F - a wand of digging (4)
 I - a wand of mindburst (6)
 T - a wand of flame (34)
 Z - a wand of charming (10)
Scrolls
 c - a scroll of butterflies
 g - 5 scrolls of fog
 i - 4 scrolls of fear
 l - 7 scrolls of teleportation
 m - 9 scrolls of immolation
 o - 7 scrolls of enchant armour
 q - 6 scrolls of revelation
 r - 9 scrolls of identify
 u - 5 scrolls of blinking
 v - a scroll of brand weapon
 E - 4 scrolls of enchant weapon
 G - a scroll of silence
 P - 5 scrolls of poison
 Y - a scroll of torment
Potions
 d - 16 potions of curing
 e - 6 potions of brilliance
 k - 6 potions of heal wounds
 p - 11 potions of mutation
 t - 5 potions of enlightenment
 x - 3 potions of cancellation
 A - 3 potions of ambrosia
 C - 6 potions of might
 N - 2 potions of berserk rage
 R - 2 potions of invisibility
Miscellaneous
 s - a condenser vane
 D - a phantom mirror
 L - a phial of floods


   Skills:
 + Level 14.3 Fighting
 + Level 13.2 Long Blades
 + Level 14.0 Armour
 + Level 15.3 Dodging
 - Level 16.2 Shields
 * Level 17.2 Spellcasting
 * Level 14.7 Conjurations
 * Level 14.7 Hexes
 * Level 14.7 Summonings
 * Level 14.7 Necromancy
 * Level 14.7 Translocations
 * Level 14.7 Fire Magic
 * Level 14.7 Ice Magic
 * Level 14.7 Air Magic
 * Level 14.7 Earth Magic
 * Level 14.7 Alchemy
 - Level 8.0 Evocations


You knew the following spells:

 Your Spells              Type           Power      Damage    Failure   Level
a - Sandblast             Erth           100%       2d20      0%          1
b - Call Imp              Summ           100%       N/A       1%          2
c - Blink                 Tloc           100%       N/A       1%          2
d - Flame Wave            Conj/Fire      92%        2d19      1%          4
e - Olgreb's Toxic Radia  Alch           72%        N/A       1%          4
f - Metabolic Englaciati  Hex/Ice        36%        N/A       1%          5
g - Eringya's Noxious Bo  Alch           36%        4d6       2%          6
h - Summon Cactus Giant   Summ           36%        N/A       2%          6
i - Ozocubu's Refrigerat  Ice            36%        4d15      12%         7
Your spell library was empty.

Dungeon Overview and Level Annotations

Branches:
Dungeon (15/15)            Temple (0/1) D:6            Lair (5/5) D:11
 Shoals (4/4) Lair:3        Snake (4/4) Lair:2        Slime (0/5) Lair:4
    Orc (2/2) D:11            Elf (1/3) Orc:2        Vaults (1/5) D:14
 Depths (0/4) D:15         Bailey (visited)           IceCv (visited)

Altars:
Ashenzari
Cheibriados
Dithmenos
Elyvilon
Gozag
Hepliaklqana
Makhleb
Okawaru
Ru
Uskayaw
Xom
Yredelemnul
Zin
The Shining One
Jiyva

Shops:
D:3 [   D:9 [   D:12 !   Orc:2 :(*[[   Snake:1 :==   Snake:2 =*?   Vaults:1 ?*=

Annotations:
D:14 8 runed translucent doors
Lair:3 exclusion: 3 oklob plants
Snake:4 Bai Suzhen


Innate Abilities, Weirdness & Mutations

You are immune to sickness and miasma.
You are immune to poison.
Your flesh is almost immune to the effects of heat. (rF+++)
You are vulnerable to cold. (rC-)
You float through the air rather than walking.
You learn spells naturally, not from books.
Your magical power is your life essence.
You have superior vitality. (+4 MHP)
You have a pair of small antennae on your head.
You possess an exceptional clarity of mind.
You are robust. (+10% HP)
You are weak. (Str -2)
Potions are less effective at restoring your health.
You occasionally lose the ability to read scrolls when taking damage.
Your movements are slightly less encumbered by armour. (ER -2)


Message History

The ironbound frostheart misses you.
Unknown command.
Unknown command.
Unknown command.
Okay, then.
Unknown command.
You slice the ironbound frostheart!! You freeze the ironbound frostheart.
The ironbound frostheart is almost dead.
The ice encasing you melts away.
The eidolon is engulfed in blazing flames.
The ironbound thunderhulk is engulfed in blazing flames.
The ironbound thunderhulk hits you with a +0 dire flail.
The ironbound frostheart is engulfed in blazing flames.
You kill the ironbound frostheart!
Unknown command.
Unknown command.
Unknown command.
Unknown command.
You hit the eidolon. You freeze the eidolon.
The eidolon is lightly damaged.
The eidolon is engulfed in blazing flames.
The eidolon hits you! You block the eidolon's attack.
Unknown command.
Unknown command.
Okay, then.
Casting: Ozocubu's Refrigeration (dangerous; 12% risk of failure)
Confirm with . or Enter, or press ? or * to list all spells.
You blink.
Electricity crackles from the ironbound thunderhulk's apparatus.
The bolt of lightning hits you!!!
* * * LOW HITPOINT WARNING * * *
The eidolon is engulfed in blazing flames.
The ironbound thunderhulk is engulfed in blazing flames.
The ironbound preserver is engulfed in blazing flames.
Unknown command.
Okay, then.
Electricity crackles from the ironbound thunderhulk's apparatus.
The bolt of lightning hits you!!!
You die...
Xom laughs nastily!

#............#
#...
#..#......#..#
#...
#.☼○.........#
#...
#○W○p#..#....#
#.○OOp)(.....#
#pW...)$.....#
#....#.§#☼...#
#......§§°...#
#..#...○@§#..#
#......☼○§...#
##..........##
##+#########


You could see an ironbound preserver, 2 ironbound thunderhulks, 2 eidola, an
ironbound frostheart and a vault sentinel.

Vanquished Creatures
  The ghost of Ruxt the Slayer, an adept MiFi of Qazlal (Vaults:1)
  A tentacled monstrosity (Shoals:3)
  The ghost of Noblape the Bludgeoner, an adept OnBe of Trog (Snake:1)
  Frances (D:12)
  5 krakens
  Donald (Snake:4)
  Aizul (Snake:2)
  Roxanne (Shoals:1)
  9 nagarajas
  The ghost of Detyups the Grappler, an adept VSFi of Ashenzari (Shoals:3)
  An emperor scorpion (Shoals:3)
  Louise (D:15)
  An orc warlord (Orc:1)
  An angel (Shoals:4)
  An ironbound preserver (Vaults:1)
  A formless jellyfish (Vaults:1)
  2 ironbound thunderhulks (Vaults:1)
  A deep elf death mage (Vaults:1)
  2 dire elephants
  Azrael (Orc:2)
  A spark wasp (Orc:1)
  The ghost of zenocrate the Covert, a journeyman VSEn of Gozag (Lair:5)
  Snorg (Lair:5)
  11 merfolk javelineers
  A yaktaur captain (Vaults:1)
  15 merfolk impalers
  A fire dragon (D:15)
  The ghost of Swimmer the Basher, a journeyman MiFi of Yredelemnul (Orc:1)
  A great orb of eyes (Shoals:3)
  2 ice dragons
  An entropy weaver (Vaults:1)
  10 hydras
  2 ogre magi
  A satyr (shapeshifter) (Lair:5)
  10 two-headed ogres
  2 ironbound frosthearts (Vaults:1)
  4 merfolk avatars
  5 anacondas
  10 centaur warriors
  5 merfolk aquamancers
  An alligator (Lair:2)
  4 boulder beetles
  2 satyrs (Shoals:4)
  2 alligator snapping turtles
  A death yak (Lair:1)
  4 dancing weapons
  16 naga warriors
  An occultist (D:13)
  Urug (Orc:2)
  2 orc high priests
  4 tengu warriors
  10 naga sharpshooters
  6 shock serpents
  A spectral death yak (Lair:5)
  7 skysharks
  3 deep elf knights
  24 sea snakes
  5 deep trolls
  8 skeletal warriors
  3 salamander mystics
  3 cherubim (Shoals:4)
  6 mana vipers
  2 naga ritualists
  2 deep elf archers (Elf:1)
  2 arcanists (D:14)
  A harpy (shapeshifter) (D:14)
  15 harpies
  10 orc knights
  Pikel (D:4)
  11 deep elf pyromancers
  4 deep elf zephyrmancers (Elf:1)
  6 ugly things
  7 orc sorcerers
  A spectral boulder beetle (Lair:5)
  A necromancer (D:14)
  7 fauns
  13 cyclopes
  19 manticores
  A meliai (shapeshifter) (Elf:1)
  13 salamanders
  8 merfolk sirens
  3 meliai (D:14)
  19 black mambas
  2 apocalypse crabs (Shoals:3)
  3 guardian serpents
  An eye of devastation (shapeshifter) (D:13)
  A vault sentinel (Vaults:1)
  A water nymph (shapeshifter) (Shoals:4)
  2 ice statues (IceCv)
  3 water nymphs
  4 kobold blastminers
  13 naga magi
  3 torpor snails
  3 gargoyles
  4 komodo dragons
  14 cane toads
  A kobold demonologist (D:12)
  2 unseen horrors (D:10)
  2 efreet
  7 rime drakes
  A freezing wraith (D:15)
  7 trolls
  29 merfolk
  Psyche (D:11)
  A polar bear (shapeshifter) (D:14)
  2 hornets
  3 polar bears
  Prince Ribbit (D:8)
  A tarantella (Vaults:1)
  2 wind drakes
  40 blink frogs
  3 dream sheep
  13 snapping turtles
  2 jumping spiders (shapeshifter)
  31 slime creatures
  A shadow (D:12)
  2 vampires (D:12)
  3 air elementals (Elf:1)
  9 water elementals
  35 yaks
  6 wraiths
  3 wyverns
  4 basilisks
  A spectral komodo dragon (Lair:5)
  A redback (Vaults:1)
  6 wargs
  19 vampire mosquitoes
  3 fire elementals
  2 steam dragons
  A spectral cane toad (Lair:5)
  A catoblepas simulacrum (Lair:5)
  26 nagas
  An acid dragon (shapeshifter) (D:14)
  6 acid dragons
  15 water moccasins
  5 hell hounds (Orc:2)
  42 orc warriors
  4 black bears
  4 sky beasts
  A spectral torpor snail (Lair:5)
  5 laughing skulls
  4 wolves (Lair:3)
  6 ogres
  11 centaurs
  A phantom (D:6)
  2 kobold brigands (D:10)
  2 lemures
  16 bullfrogs
  Blork the orc (Orc:2)
  8 scorpions
  An earth elemental (Elf:1)
  2 gnoll sergeants
  14 wights
  A ballistomycete (D:8)
  10 killer bees
  2 lindwurm simulacra (IceCv)
  3 electric eels
  4 howler monkeys
  8 komodo dragon simulacra
  3 lava snakes (Lair:2)
  24 orc priests
  3 bombardier beetles
  4 jellies
  A gnoll bouda (D:4)
  3 hounds
  3 iguanas
  A sleepcap (D:6)
  29 orc wizards
  A hell rat (Lair:2)
  An acid dragon simulacrum (IceCv)
  7 adders
  10 gnolls
  A shadow imp (D:6)
  A white imp (D:7)
  11 steam dragon simulacra (IceCv)
  A dart slug (D:5)
  A ribbon worm (D:2)
  94 orcs
  3 ball pythons
  7 endoplasms
  2 giant cockroaches
  8 goblins
  5 hobgoblins
  3 jackals (D:1)
  5 quokkas
  6 bats
  2 frilled lizards (D:1)
  10 kobolds
  4 rats
  A ballistomycete spore (D:8)
  9 tentacles
1148 creatures vanquished.

Vanquished Creatures (collateral kills)
  3 fauns (Shoals:1)
  A rime drake (Lair:3)
  A troll (D:10)
  2 slime creatures (D:13)
  A water elemental (Shoals:1)
  An ogre (D:5)
  A centaur (D:7)
  2 wights
  A gnoll (D:4)
  2 orcs (Bailey)
  A goblin (D:7)
16 creatures vanquished.

Vanquished Creatures (others)
  An alligator (Lair:2)
  A merfolk aquamancer (Shoals:4)
  2 anacondas (Lair:2)
  A dancing weapon (Snake:2)
  A naga ritualist (Snake:4)
  3 deep elf pyromancers
  An orc knight (Orc:1)
  A manticore (Shoals:4)
  Jeremiah (D:7)
  A troll (D:10)
  A wyvern (Lair:2)
  An acid dragon (D:9)
  An ice beast (D:7)
  2 lemures
  2 bullfrogs
  A hobgoblin (D:1)
  16 tentacles
37 creatures vanquished.

Grand Total: 1201 creatures vanquished

Notes
Turn   | Place    | Note
-------+----------+-------------------------------------------
     0 | D:1      | Xavori the Djinni Chaos Knight began the quest for the Orb.
     0 | D:1      | Reached XP level 1. HP: 20/20 MP: 0/0
   107 | D:1      | Reached XP level 2. HP: 10/25 MP: 0/0
   281 | D:1      | XOM: silly message
   363 | D:1      | Reached XP level 3. HP: 26/30 MP: 0/0
   363 | D:1      | Learned a level 1 spell: Sandblast
   428 | D:1      | XOM: god gift: scroll labelled UGREET TAERR {god gift}
   456 | D:1      | Reached skill level 1 in Spellcasting
   456 | D:1      | Reached skill level 1 in Conjurations
   456 | D:1      | Reached skill level 1 in Hexes
   456 | D:1      | Reached skill level 1 in Summonings
   456 | D:1      | Reached skill level 1 in Necromancy
   456 | D:1      | Reached skill level 1 in Translocations
   456 | D:1      | Reached skill level 1 in Fire Magic
   456 | D:1      | Reached skill level 1 in Ice Magic
   456 | D:1      | Reached skill level 1 in Air Magic
   456 | D:1      | Reached skill level 1 in Earth Magic
   456 | D:1      | Reached skill level 1 in Alchemy
   478 | D:1      | XOM: give mutations
   478 | D:1      | Gained mutation: You are partially covered in iridescent
                  | scales. (AC +2) [Xom's grace]
   478 | D:1      | Gained mutation: Your muscles are strong. (Str +4, Int/Dex
                  | -1) [Xom's grace]
   478 | D:1      | Gained mutation: You are resistant to electric shocks.
                  | (rElec) [Xom's grace]
  1157 | D:1      | XOM: summons 4 hostile shadow creatures
  1242 | D:1      | XOM: give mutation
  1242 | D:1      | Lost mutation: You are resistant to electric shocks.
                  | (rElec) [Xom's mischief]
  1308 | D:1      | XOM: give mutations
  1308 | D:1      | Gained mutation: You are dopey. (Int -2) [Xom's mischief]
  1308 | D:1      | Gained mutation: You expend health (3 HP) to strengthen
                  | your wands. [Xom's mischief]
  1308 | D:1      | Gained mutation: You are mostly covered in iridescent
                  | scales. (AC +4) [Xom's mischief]
  1352 | D:1      | XOM: noise
  1610 | D:2      | XOM: chaos cloud
  1624 | D:2      | Reached XP level 4. HP: 26/35 MP: 0/0
  1626 | D:2      | XOM: god gift: 587 gold pieces
  2119 | D:3      | XOM: silly message
  2247 | D:3      | Reached XP level 5. HP: 28/40 MP: 0/0
  2247 | D:3      | Learned a level 2 spell: Call Imp
  2251 | D:3      | XOM: potion effect (haste)
  2387 | D:3      | XOM: divination: detect items
  2509 | D:3      | Found Fozi's Antique Armour Shoppe.
  2515 | D:3      | Bought a pair of dazzling gloves for 228 gold pieces
  2515 | D:3      | Identified the +0 pair of gloves "Esathrafo" {+Inv MP-9
                  | Str+2 Int+2} (You bought it in a shop on level 3 of the
                  | Dungeon)
  2658 | D:3      | XOM: silly message
  2716 | D:3      | Reached skill level 2 in Spellcasting
  2840 | D:4      | Noticed a lemure
  2841 | D:4      | Noticed a lemure
  2878 | D:4      | XOM: summons 5 friendly demons
  2887 | D:4      | Killed a lemure
  2924 | D:4      | Found a hazy altar of Hepliaklqana.
  3010 | D:4      | XOM: 5-stop teleportation journey
  3123 | D:4      | Reached XP level 6. HP: 40/47 MP: 0/0
  3375 | D:4      | Found a shadowy altar of Dithmenos.
  3488 | D:4      | Noticed a sky beast
  3510 | D:4      | Killed a sky beast
  3602 | D:4      | Noticed Pikel
  3610 | D:4      | XOM: cleaving
  3613 | D:3      | XOM: enchant monster (good)
  3616 | D:3      | XOM: scenery: 2 doors close
  3617 | D:3      | XOM: divine lightning
  3625 | D:4      | XOM: divine lightning
  3652 | D:4      | Killed Pikel
  3653 | D:4      | Reached skill level 3 in Spellcasting
  3653 | D:4      | Reached XP level 7. HP: 39/53 MP: 0/0
  3653 | D:4      | Learned a level 2 spell: Blink
  3653 | D:4      | Reached XP level 8. HP: 43/58 MP: 0/0
  3742 | D:5      | Entered Level 5 of the Dungeon
  3849 | D:4      | XOM: enchant monster (bad)
  3891 | D:5      | Reached skill level 1 in Evocations
  3958 | D:5      | Found a sacrificial altar of Ru.
  3980 | D:5      | Reached skill level 4 in Spellcasting
  4039 | D:5      | XOM: fog
  4098 | D:5      | Reached skill level 5 in Fighting
  4284 | D:5      | Found a broken altar of Ashenzari.
  4370 | D:5      | XOM: scenery: create altars
  4378 | D:5      | Reached XP level 9. HP: 56/65 MP: 0/0
  4378 | D:5      | Learned a level 4 spell: Flame Wave
  4422 | D:5      | XOM: god gift: scroll of immolation
  4762 | D:5      | XOM: give mutation
  4762 | D:5      | Gained mutation: You have supernaturally acute eyesight.
                  | (SInv) [Xom's grace]
  4793 | D:6      | XOM: noise
  4799 | D:6      | Reached skill level 5 in Dodging
  4844 | D:5      | XOM: give mutations
  4844 | D:5      | Gained mutation: Your movements are slightly less
                  | encumbered by armour. (ER -2) [Xom's grace]
  4844 | D:5      | Gained mutation: You are agile. (Dex +4, Str/Int -1) [Xom's
                  | grace]
  4844 | D:5      | Gained mutation: You have a pair of small horns on your
                  | head. [Xom's grace]
  4844 | D:5      | Gained mutation: You passively map a small area around you.
                  | [Xom's grace]
  4852 | D:6      | XOM: divination: magic mapping
  4928 | D:6      | Found a staircase to the Ecumenical Temple.
  4953 | D:6      | XOM: god gift: 814 gold pieces
  4990 | D:6      | Found a snail-covered altar of Cheibriados.
  4990 | D:6      | XOM: polymorph hound -> quokka
  4999 | D:6      | Reached skill level 5 in Long Blades
  5155 | D:6      | XOM: torment (34/65 hp)
  5317 | D:6      | Found a glowing golden altar of the Shining One.
  5318 | D:6      | Found a white marble altar of Elyvilon.
  5354 | D:6      | XOM: give mutations
  5354 | D:6      | Lost mutation: You have supernaturally acute eyesight.
                  | (SInv) [Xom's mischief]
  5354 | D:6      | Lost mutation: You are agile. (Dex +4, Str/Int -1) [Xom's
                  | mischief]
  5447 | D:6      | Reached skill level 1 in Shields
  5512 | D:6      | XOM: torment (33/65 hp)
  5514 | D:6      | Reached skill level 5 in Spellcasting
  5514 | D:6      | Reached skill level 5 in Conjurations
  5514 | D:6      | Reached skill level 5 in Hexes
  5514 | D:6      | Reached skill level 5 in Summonings
  5514 | D:6      | Reached skill level 5 in Necromancy
  5514 | D:6      | Reached skill level 5 in Translocations
  5514 | D:6      | Reached skill level 5 in Fire Magic
  5514 | D:6      | Reached skill level 5 in Ice Magic
  5514 | D:6      | Reached skill level 5 in Air Magic
  5514 | D:6      | Reached skill level 5 in Earth Magic
  5514 | D:6      | Reached skill level 5 in Alchemy
  5742 | D:7      | Noticed Jeremiah
  5750 | D:7      | Killed Jeremiah
  5836 | D:7      | XOM: stat loss: -1 Int (11/12)
  5945 | D:7      | Identified the +0 hand axe of Ragnarok {venom, rElec Will+
                  | Str+4 Dex-4}
  6025 | D:7      | Reached XP level 10. HP: 51/72 MP: 0/0
  6036 | D:7      | Reached skill level 5 in Armour
  6068 | D:7      | XOM: draining
  6103 | D:7      | Found a flagged portal.
  6121 | Bailey   | XOM: noise
  6121 | Bailey   | Entered a bailey
  6244 | Bailey   | XOM: silly message
  6308 | Bailey   | a centaur changed into a komodo dragon
  6308 | Bailey   | Noticed a komodo dragon
  6308 | Bailey   | XOM: polymorph centaur -> komodo dragon
  6324 | Bailey   | XOM: 1-stop teleportation journey
  6329 | Bailey   | Killed a komodo dragon
  6448 | Bailey   | XOM: chaos upgrade
  6462 | Bailey   | XOM: confusion
  6465 | Bailey   | XOM: divination: magic mapping
  6757 | Bailey   | Found the +8 Vampire's Tooth {megavamp}
  6828 | Bailey   | XOM: draining
  6886 | Bailey   | XOM: give mutations
  6886 | Bailey   | Lost mutation: You expend health (3 HP) to strengthen your
                  | wands. [Xom's mischief]
  6886 | Bailey   | Gained mutation: Your flesh is almost immune to the effects
                  | of heat. (rF+++) [Xom's mischief]
  6886 | Bailey   | Lost mutation: You have a pair of small horns on your head.
                  | [Xom's mischief]
  6887 | Bailey   | XOM: 1-stop teleportation journey
  7046 | Bailey   | XOM: chaos upgrade
  7162 | Bailey   | XOM: smoke on damage
  7171 | Bailey   | XOM: noise
  7350 | Bailey   | XOM: polymorph centaur -> sky beast
  7398 | Bailey   | XOM: stat loss: -1 Str (16/17)
  7421 | Bailey   | XOM: summons 6 hostile demons
  7422 | Bailey   | Noticed an ice devil
  7423 | Bailey   | Reached skill level 6 in Spellcasting
  7533 | Bailey   | XOM: potion effect (invisibility)
  7561 | Bailey   | XOM: butterfly on damage
  7738 | Bailey   | Reached skill level 7 in Spellcasting
  7738 | Bailey   | Reached skill level 5 in Evocations
  7738 | Bailey   | Reached XP level 11. HP: 79/79 MP: 0/0
  7738 | Bailey   | Learned a level 4 spell: Olgreb's Toxic Radiance
  7788 | D:7      | XOM: 1-stop teleportation journey
  8026 | D:7      | XOM: give mutations
  8026 | D:7      | Lost mutation: Your flesh is almost immune to the effects
                  | of heat. (rF+++) [Xom's mischief]
  8026 | D:7      | Lost mutation: Your muscles are strong. (Str +4, Int/Dex
                  | -1) [Xom's mischief]
  8026 | D:7      | Lost mutation: You are mostly covered in iridescent scales.
                  | (AC +4) [Xom's mischief]
  8322 | D:8      | XOM: confusion
  8324 | D:8      | XOM: noise
  8348 | D:8      | XOM: torment (34/79 hp)
  8351 | D:8      | XOM: noise
  8362 | D:8      | XOM: give mutation
  8362 | D:8      | Lost mutation: You passively map a small area around you.
                  | [Xom's mischief]
  8443 | D:8      | XOM: 8-stop teleportation journey
  8449 | D:8      | XOM: give mutations
  8449 | D:8      | Gained mutation: You possess an exceptional clarity of
                  | mind. [Xom's mischief]
  8449 | D:8      | Lost mutation: You possess an exceptional clarity of mind.
                  | [Xom's mischief]
  8449 | D:8      | Lost mutation: You are dopey. (Int -2) [Xom's mischief]
  8568 | D:3      | Bought the +2 shield of Resistance {rF++ rC++ Will++} for
                  | 1692 gold pieces
  8568 | D:3      | Found the +2 shield of Resistance {rF++ rC++ Will++}
  8666 | D:9      | Found an opulent altar of Gozag.
  8666 | D:9      | XOM: stealth player
  8793 | D:8      | Reached XP level 12. HP: 79/85 MP: 0/0
  8859 | D:8      | XOM: give mutations
  8859 | D:8      | Gained mutation: You have hidden genetic defects. [Xom's
                  | mischief]
  8859 | D:8      | Gained mutation: You are agile. (Dex +4, Str/Int -1) [Xom's
                  | mischief]
  8859 | D:8      | Gained mutation: You are very agile. (Dex +8, Str/Int -2)
                  | [Xom's mischief]
  8859 | D:8      | Gained mutation: You are robust. (+10% HP) [Xom's mischief]
  8911 | D:8      | Noticed Prince Ribbit
  8919 | D:8      | XOM: swap monsters
  8926 | D:8      | XOM: silly message
  8950 | D:8      | XOM: chaos cloud
  8973 | D:8      | XOM: blink monster(s)
  8976 | D:8      | Killed Prince Ribbit
  9317 | D:9      | XOM: confusion
  9318 | D:9      | XOM: confusion
  9367 | D:9      | Found a basalt altar of Yredelemnul.
  9369 | D:9      | Noticed a two-headed ogre
  9373 | D:9      | XOM: potion effect (invisibility)
  9386 | D:9      | Killed a two-headed ogre
  9394 | D:9      | XOM: enchant monster (bad)
  9406 | D:9      | Gained mutation: Armour fits poorly on your strangely
                  | shaped body. [hidden defects]
  9496 | D:9      | Found Viloh's Armour Emporium.
  9496 | D:9      | Identified the serpent talisman "Nuguiq" {Str+5 Int+4}
  9905 | D:9      | XOM: summons 5 friendly demons
  9982 | D:10     | Entered Level 10 of the Dungeon
 10029 | D:10     | XOM: confuse monster(s)
 10178 | D:10     | XOM: god gift: 44 gold pieces
 10191 | D:10     | Noticed an ogre mage
 10421 | D:10     | XOM: fog
 10429 | D:10     | Gained mutation: You occasionally lose the ability to drink
                  | potions when taking damage. [hidden defects]
 10429 | D:10     | Lost mutation: You have hidden genetic defects. [hidden
                  | defects expressed]
 10468 | D:10     | Killed an ogre mage
 10555 | D:10     | XOM: enchant monster (bad)
 10571 | D:10     | Found a hide-covered altar of Uskayaw.
 10665 | D:10     | Identified the ring of Daffodils {Str+4 Dex+6}
 10831 | D:10     | Noticed a two-headed ogre
 10834 | D:10     | Noticed a deep troll
 10840 | D:10     | Killed a two-headed ogre
 10846 | D:10     | Killed a deep troll
 10946 | D:10     | Reached skill level 8 in Spellcasting
 11011 | D:10     | XOM: summons 12 friendly demons
 11015 | D:10     | Reached skill level 10 in Shields
 11051 | D:10     | Noticed a two-headed ogre
 11052 | D:10     | XOM: potion effect (curing)
 11052 | D:10     | Noticed a tengu warrior
 11059 | D:10     | Killed a two-headed ogre
 11066 | D:10     | Killed a tengu warrior
 11067 | D:10     | Reached XP level 13. HP: 55/101 MP: 0/0
 11067 | D:10     | Learned a level 5 spell: Metabolic Englaciation
 11415 | D:10     | XOM: enchant monster (bad)
 11599 | D:10     | Noticed a seven-headed hydra
 11599 | D:10     | XOM: silly message
 11614 | D:10     | Killed an eight-headed hydra
 12127 | D:11     | Found a staircase to the Lair.
 12219 | D:11     | Noticed Psyche
 12225 | D:11     | Killed Psyche
 12238 | D:11     | XOM: chaos upgrade
 12485 | D:11     | Found a staircase to the Orcish Mines.
 12780 | D:11     | XOM: god gift: fuming purple potion {god gift}
 12787 | Lair:1   | Entered Level 1 of the Lair of Beasts
 12817 | Lair:1   | XOM: noise
 12936 | Lair:1   | XOM: summons friendly ufetubus
 13028 | Lair:1   | XOM: give mutation
 13028 | Lair:1   | Gained mutation: You have hidden genetic defects. [Xom's
                  | mischief]
 13098 | Lair:1   | XOM: polymorph cane toad -> skyshark
 13299 | Lair:1   | XOM: stat loss: -1 Int (12/13)
 13365 | Lair:1   | Identified the +4 spear of Pride {pain, ^Fragile rPois rF++
                  | MP+9}
 13375 | Lair:2   | Found a frozen archway.
 13385 | Lair:2   | Reached skill level 9 in Spellcasting
 13409 | IceCv    | Entered an ice cave
 13970 | IceCv    | Gained mutation: You sometimes lose your temper in combat.
                  | [hidden defects]
 14140 | IceCv    | Identified the +0 chain mail "Riazxoist" {rF+}
 14238 | IceCv    | Noticed an ice dragon
 14405 | IceCv    | XOM: enchant monster (bad)
 14425 | IceCv    | XOM: noise
 14513 | IceCv    | Killed an ice dragon
 14514 | IceCv    | Reached XP level 14. HP: 108/108 MP: 0/0
 14855 | Lair:2   | XOM: 1-stop teleportation journey
 14878 | Lair:2   | Found a staircase to the Snake Pit.
 15185 | Lair:2   | XOM: divination: detect creatures
 15199 | Lair:2   | XOM: noise
 15227 | Lair:2   | XOM: divination: detect items
 15233 | Lair:2   | Gained mutation: You occasionally shout uncontrollably at
                  | your foes. [hidden defects]
 15233 | Lair:2   | Lost mutation: You have hidden genetic defects. [hidden
                  | defects expressed]
 15432 | Lair:2   | XOM: silly message
 15553 | Lair:2   | Found a shadowy altar of Dithmenos.
 15657 | Lair:2   | XOM: give mutations
 15657 | Lair:2   | Gained mutation: You passively dampen the noise of your
                  | surroundings. [Xom's mischief]
 15657 | Lair:2   | Lost mutation: You passively dampen the noise of your
                  | surroundings. [Xom's mischief]
 15683 | Lair:2   | XOM: give mutations
 15683 | Lair:2   | Lost mutation: You sometimes lose your temper in combat.
                  | [Xom's mischief]
 15683 | Lair:2   | Lost mutation: You are very agile. (Dex +8, Str/Int -2)
                  | [Xom's mischief]
 15683 | Lair:2   | Lost mutation: You are agile. (Dex +4, Str/Int -1) [Xom's
                  | mischief]
 15742 | Lair:2   | Noticed a dire elephant
 15752 | Lair:2   | Killed a dire elephant
 15754 | Lair:2   | XOM: divine lightning
 16000 | Lair:2   | Identified a scroll of acquirement
 16000 | Lair:2   | Acquired 667 gold pieces
 16097 | D:9      | Bought the +3 pair of gauntlets of War {Slay+5} for 617
                  | gold pieces
 16097 | D:9      | Found the +3 pair of gauntlets of War {Slay+5}
 16201 | Lair:2   | XOM: divination: detect items
 16213 | Lair:2   | XOM: scenery: 1 doors open
 16271 | Lair:3   | XOM: fog
 16273 | Lair:3   | XOM: divine lightning
 16353 | Lair:3   | XOM: enchant monster (good)
 16355 | Lair:3   | XOM: butterfly on damage
 16417 | Lair:3   | XOM: divination: detect items
 16444 | Lair:3   | XOM: cloud trail
 16510 | Lair:3   | Found a staircase to the Shoals.
 16517 | Lair:3   | XOM: potion effect (berserk rage)
 16596 | Lair:3   | XOM: potion effect (haste)
 16602 | Lair:3   | Reached skill level 10 in Dodging
 16772 | Lair:3   | XOM: silly message
 16908 | Lair:3   | XOM: silly message
 17269 | Lair:4   | XOM: potion effect (attraction)
 17358 | Lair:4   | XOM: 5-stop teleportation journey
 17420 | Lair:4   | XOM: enchant monster (good)
 17426 | Lair:4   | XOM: summons 4 hostile shadow creatures
 17430 | Lair:4   | XOM: blink monster(s)
 17434 | Lair:4   | Found a staircase to the Slime Pits.
 17434 | Lair:4   | Found a viscous altar of Jiyva.
 17446 | Lair:4   | Reached skill level 10 in Spellcasting
 17446 | Lair:4   | Reached skill level 10 in Conjurations
 17446 | Lair:4   | Reached skill level 10 in Hexes
 17446 | Lair:4   | Reached skill level 10 in Summonings
 17446 | Lair:4   | Reached skill level 10 in Necromancy
 17446 | Lair:4   | Reached skill level 10 in Translocations
 17446 | Lair:4   | Reached skill level 10 in Fire Magic
 17446 | Lair:4   | Reached skill level 10 in Ice Magic
 17446 | Lair:4   | Reached skill level 10 in Air Magic
 17446 | Lair:4   | Reached skill level 10 in Earth Magic
 17446 | Lair:4   | Reached skill level 10 in Alchemy
 17582 | Lair:4   | Reached XP level 15. HP: 112/117 MP: 0/0
 17582 | Lair:4   | Learned a level 6 spell: Eringya's Noxious Bog
 17806 | Lair:5   | Entered Level 5 of the Lair of Beasts
 17812 | Lair:5   | XOM: silly message
 18053 | Lair:5   | Noticed Snorg
 18132 | Lair:5   | Found a runed translucent gate.
 18132 | Lair:5   | Found a runed translucent gate.
 18132 | Lair:5   | Found a runed translucent gate.
 18138 | Lair:5   | Noticed zenocrate's ghost (journeyman VSEn)
 18152 | Lair:5   | XOM: god gift: 22 gold pieces
 18156 | Lair:5   | Reached skill level 10 in Fighting
 18161 | Lair:5   | XOM: confuse monster(s)
 18210 | Lair:5   | XOM: potion effect (heal wounds)
 18216 | Lair:5   | XOM: polymorph boulder beetle -> shapeshifter
 18244 | Lair:5   | XOM: cleaving
 18246 | Lair:5   | XOM: cast spell 'Chain of Chaos'
 18388 | Lair:5   | XOM: god gift: 3 silver javelins
 18494 | Lair:5   | XOM: fog
 18500 | Lair:5   | XOM: silly message
 18521 | Lair:5   | XOM: potion effect (attraction)
 18553 | Lair:5   | Found the +7 captain's cutlass {speed, disarm}
 18679 | Lair:5   | Killed Snorg
 18855 | Lair:5   | XOM: silly message
 18857 | Lair:5   | XOM: potion effect (invisibility)
 18879 | Lair:5   | Killed zenocrate's ghost
 19377 | D:1      | XOM: give mutations
 19377 | D:1      | Lost mutation: You are partially covered in iridescent
                  | scales. (AC +2) [Xom's mischief]
 19377 | D:1      | Lost mutation: Your movements are slightly less encumbered
                  | by armour. (ER -2) [Xom's mischief]
 19377 | D:1      | Gained mutation: You are somewhat resistant to further
                  | mutation. [Xom's mischief]
 20554 | D:1      | XOM: silly message
 20775 | D:1      | XOM: cloud trail
 20958 | D:1      | XOM: give mutation
 20958 | D:1      | Gained mutation: You passively map a small area around you.
                  | [Xom's grace]
 21019 | D:1      | XOM: cloud trail
 21063 | D:1      | XOM: god gift: 22 gold pieces
 21109 | D:1      | XOM: give mutation
 21109 | D:1      | Gained mutation: You are very robust. (+20% HP) [Xom's
                  | grace]
 21193 | D:1      | XOM: give mutations
 21193 | D:1      | Gained mutation: Your mind is acute. (Int +4, Str/Dex -1)
                  | [Xom's grace]
 21193 | D:1      | Gained mutation: You are agile. (Dex +4, Str/Int -1) [Xom's
                  | grace]
 21193 | D:1      | Gained mutation: You are somewhat resistant to both further
                  | mutation and mutation removal. [Xom's grace]
 21193 | D:1      | Lost mutation: You are somewhat resistant to both further
                  | mutation and mutation removal. [Xom's grace]
 21193 | D:1      | Lost mutation: You are somewhat resistant to further
                  | mutation. [Xom's grace]
 21193 | D:1      | Gained mutation: You have hidden genetic potential. [Xom's
                  | grace]
 21734 | D:1      | XOM is BORED!
 21734 | D:1      | XOM: noise
 21849 | D:1      | XOM: god gift: 2 scrolls of fear
 22520 | D:1      | XOM is BORED!
 22520 | D:1      | XOM: draining
 22701 | D:1      | XOM: give mutations
 22701 | D:1      | Lost mutation: Your mind is acute. (Int +4, Str/Dex -1)
                  | [Xom's mischief]
 22701 | D:1      | Gained mutation: You occasionally lose the ability to read
                  | scrolls when taking damage. [Xom's mischief]
 22701 | D:1      | Gained mutation: Your muscles are strong. (Str +4, Int/Dex
                  | -1) [Xom's mischief]
 22769 | D:1      | XOM: torment (57/111 hp)
 22785 | D:1      | XOM: summons 4 hostile shadow creatures
 22934 | D:2      | XOM: torment (57/111 hp)
 23093 | D:1      | XOM: noise
 23114 | D:1      | XOM: give mutation
 23114 | D:1      | Lost mutation: Your muscles are strong. (Str +4, Int/Dex
                  | -1) [Xom's mischief]
 23326 | D:1      | XOM: give mutations
 23326 | D:1      | Gained mutation: Your mind is acute. (Int +4, Str/Dex -1)
                  | [Xom's mischief]
 23326 | D:1      | Lost mutation: You passively map a small area around you.
                  | [Xom's mischief]
 23326 | D:1      | Gained mutation: Your movements are slightly less
                  | encumbered by armour. (ER -2) [Xom's mischief]
 23326 | D:1      | Lost mutation: You are agile. (Dex +4, Str/Int -1) [Xom's
                  | mischief]
 23334 | D:1      | XOM: silly message
 23675 | D:1      | XOM: noise
 24512 | D:1      | XOM: summons 1 hostile shadow creature
 25073 | D:1      | XOM: summons 3 hostile shadow creatures
 25269 | D:1      | XOM: summons 1 hostile demon
 25274 | D:1      | XOM: cloud trail
 25890 | D:1      | XOM: silly message
 26151 | D:1      | XOM: summons 3 hostile demons
 26645 | D:1      | XOM is BORED!
 26645 | D:1      | XOM: stat loss: -1 Int (18/19)
 26984 | D:1      | XOM: silly message
 26985 | D:1      | XOM: silly message
 27405 | D:1      | XOM: give mutations
 27405 | D:1      | Gained mutation: You are clumsy. (Dex -2) [Xom's mischief]
 27405 | D:1      | Lost mutation: You occasionally shout uncontrollably at
                  | your foes. [Xom's mischief]
 28076 | D:1      | XOM: noise
 28665 | D:4      | XOM is BORED!
 28665 | D:4      | XOM: give mutations
 28665 | D:4      | Lost mutation: You are clumsy. (Dex -2) [Xom's mischief]
 28665 | D:4      | Lost mutation: Armour fits poorly on your strangely shaped
                  | body. [Xom's mischief]
 28665 | D:4      | Gained mutation: You possess an exceptional clarity of
                  | mind. [Xom's mischief]
 28778 | Orc:1    | Entered Level 1 of the Orcish Mines
 28875 | Orc:1    | Reached skill level 10 in Armour
 28875 | Orc:1    | Noticed Fannar
 28878 | Orc:1    | Fannar changed into Fannar the ice dragon
 28878 | Orc:1    | Noticed Fannar
 28878 | Orc:1    | XOM: polymorph Fannar -> Fannar the ice dragon
 28885 | Orc:1    | Killed Fannar the ice dragon
 28939 | Orc:1    | XOM: 1-stop teleportation journey
 28940 | Orc:1    | XOM: polymorph orc warrior -> water moccasin
 29084 | Orc:1    | Found a runed translucent gate.
 29084 | Orc:1    | Found a runed translucent gate.
 29084 | Orc:1    | Found a runed translucent gate.
 29085 | Orc:1    | Found an iron altar of Okawaru.
 29085 | Orc:1    | Noticed Swimmer's ghost (journeyman MiFi)
 29143 | Orc:1    | XOM: polymorph tengu warrior -> spark wasp
 29148 | Orc:1    | Killed Swimmer's ghost
 29329 | Orc:1    | Identified the +6 short sword of the Heart {flame, +Blink
                  | rF+ Will+++ Int-4}
 29529 | Orc:1    | XOM: give mutations
 29529 | Orc:1    | Lost mutation: You have hidden genetic potential. [Xom's
                  | mischief]
 29529 | Orc:1    | Lost mutation: You possess an exceptional clarity of mind.
                  | [Xom's mischief]
 29604 | Orc:2    | Entered Level 2 of the Orcish Mines
 29610 | Orc:2    | Reached XP level 16. HP: 138/138 MP: 0/0
 29611 | Orc:2    | Noticed Azrael
 29630 | Orc:2    | Killed Azrael
 29806 | Orc:2    | XOM: stat loss: -1 Str (13/14)
 29821 | Orc:2    | XOM: noise
 29823 | Orc:2    | XOM: summons friendly quasit
 30015 | Orc:2    | XOM: chaos upgrade
 30016 | Orc:2    | XOM: blink monster(s)
 30028 | Orc:2    | Reached skill level 11 in Spellcasting
 30029 | Orc:2    | XOM: enchant monster (good)
 30033 | Orc:2    | XOM: confusion (+ monsters)
 30152 | Orc:2    | Found a burning altar of Makhleb.
 30234 | Orc:2    | XOM: silly message
 30246 | Orc:2    | Found Cagugop's Armour Shoppe.
 30372 | Orc:2    | XOM: enchant monster (bad)
 30410 | Orc:2    | XOM: draining
 30485 | Orc:2    | Noticed Blork the orc
 30487 | Orc:2    | Reached skill level 10 in Long Blades
 30492 | Orc:2    | XOM: polymorph orc warrior -> yak
 30496 | Orc:2    | Noticed Urug
 30502 | Orc:2    | XOM: blink monster(s)
 30504 | Orc:2    | Killed Blork the orc
 30508 | Orc:2    | Killed Urug
 30512 | Orc:2    | Found Laot's Book Emporium.
 30730 | Orc:2    | Found Weiss's General Store.
 30792 | Orc:2    | Found Bakoepuf's Antique Armour Emporium.
 30835 | Orc:2    | Found a staircase to the Elven Halls.
 30880 | Orc:2    | Found Kali's Antique Weapon Emporium.
 31056 | D:12     | XOM: noise
 31058 | D:12     | XOM: polymorph cyan ugly thing -> green ugly thing
 31067 | D:12     | XOM: enchant monster (bad)
 31094 | D:12     | XOM: divination: detect items
 31252 | D:12     | XOM: noise
 31265 | D:12     | Noticed Frances
 31266 | D:12     | XOM: summons 2 friendly demons
 31271 | D:12     | Killed Frances
 31390 | D:12     | XOM: noise
 31413 | D:12     | XOM: smoke on damage
 31699 | D:12     | XOM: give mutation
 31699 | D:12     | Gained mutation: You have hidden genetic potential. [Xom's
                  | grace]
 31913 | D:12     | XOM: god gift: scroll of fear
 32031 | D:12     | Found Nunehaemyb's Distillery.
 32034 | D:12     | Bought a potion of attraction for 45 gold pieces
 32034 | D:12     | Bought a potion of cancellation for 120 gold pieces
 32034 | D:12     | Bought a potion of mutation for 120 gold pieces
 32034 | D:12     | Bought a potion of lignification for 45 gold pieces
 32180 | D:13     | XOM: enchant monster (good)
 32182 | D:13     | XOM: cast spell 'Summon Ice Beast'
 32344 | D:13     | XOM: summons 10 friendly demons
 32507 | D:13     | XOM: cleaving
 32523 | D:13     | Reached XP level 17. HP: 113/145 MP: 0/0
 32523 | D:13     | Learned a level 6 spell: Summon Cactus Giant
 32559 | D:13     | XOM: give mutations
 32559 | D:13     | Gained mutation: You possess an exceptional clarity of
                  | mind. [Xom's grace]
 32559 | D:13     | Gained mutation: You have a pair of small antennae on your
                  | head. [Xom's grace]
 32618 | D:13     | Identified the +5 quarterstaff of Wu Jian's Esteem {flame,
                  | rPois rN++}
 32907 | D:14     | XOM: cast spell 'Discord'
 33029 | D:14     | Found an iron altar of Okawaru.
 33106 | D:14     | Found a large runed translucent door.
 33107 | D:14     | Found a large runed translucent door.
 33111 | D:14     | Noticed a sphinx
 33249 | D:14     | Reached skill level 12 in Spellcasting
 33257 | D:14     | XOM: smoke on damage
 33258 | D:14     | Found a gate to the Vaults.
 33258 | D:14     | XOM: fog
 33339 | D:14     | Reached skill level 15 in Shields
 33618 | D:14     | XOM: noise
 33626 | D:14     | Found a large runed translucent door.
 33629 | D:14     | Found a large runed translucent door.
 33630 | D:14     | Found a large runed translucent door.
 33631 | D:14     | Found a large runed translucent door.
 33764 | D:14     | Found a large runed translucent door.
 33767 | D:14     | Found a large runed translucent door.
 33853 | D:14     | XOM: draining
 33955 | D:14     | XOM: scenery: 3 doors open
 34051 | D:15     | Entered Level 15 of the Dungeon
 34270 | D:15     | Noticed Louise
 34279 | D:15     | Killed Louise
 34495 | D:15     | XOM: 6-stop teleportation journey
 34582 | D:15     | XOM: divination: magic mapping
 34712 | D:15     | XOM: confuse monster(s)
 34714 | D:15     | XOM: cast spell 'Olgreb's Toxic Radiance'
 34726 | D:15     | Found a staircase to the Depths.
 34736 | D:15     | Gained mutation: You have a pair of antennae on your head.
                  | [hidden potential]
 35135 | Snake:1  | Entered Level 1 of the Snake Pit
 35139 | Snake:1  | XOM: scenery: summon butterflies
 35191 | Snake:1  | Found a runed translucent door.
 35450 | Snake:1  | XOM: give mutations
 35450 | Snake:1  | Lost mutation: Your mind is acute. (Int +4, Str/Dex -1)
                  | [Xom's mischief]
 35450 | Snake:1  | Gained mutation: Your skin changes colour to match your
                  | surroundings (Stealth+). [Xom's mischief]
 35533 | Snake:1  | Reached skill level 13 in Spellcasting
 35660 | Snake:1  | XOM: give mutations
 35660 | Snake:1  | Gained mutation: Your spells are a little harder to cast,
                  | but a little more powerful. [Xom's mischief]
 35660 | Snake:1  | Lost mutation: Your skin changes colour to match your
                  | surroundings (Stealth+). [Xom's mischief]
 35660 | Snake:1  | Lost mutation: You occasionally lose the ability to drink
                  | potions when taking damage. [Xom's mischief]
 35673 | Snake:1  | Noticed Noblape's ghost (adept OnBe)
 35779 | Snake:1  | Found Goujais's Jewellery Shop.
 35781 | Snake:1  | Found Wontimiat's Book Shoppe.
 35782 | Snake:1  | Found Tasafocy's Jewellery Shop.
 35833 | Snake:1  | XOM: noise
 36211 | Snake:1  | Killed Noblape's ghost
 36256 | Snake:2  | Found Tugoss's Magic Scroll Shoppe.
 36263 | Snake:2  | Found Saiceg's General Store.
 36265 | Snake:2  | Found Atomef's Jewellery Shoppe.
 36269 | Snake:2  | Bought a scroll of brand weapon for 171 gold pieces
 36269 | Snake:2  | Bought a scroll of blinking for 135 gold pieces
 36269 | Snake:2  | Bought 2 scrolls of identify for 72 gold pieces
 36320 | Snake:2  | Bought a scroll of teleportation for 51 gold pieces
 36322 | Snake:2  | Bought the amulet of Xom's Full Attention {Regen+ Slay+3}
                  | for 694 gold pieces
 36342 | Snake:2  | XOM: divination: detect items
 36344 | Snake:2  | XOM: summons friendly shadow imp
 36352 | Snake:2  | XOM: scenery: summon butterflies
 36385 | Snake:2  | XOM: cleaving
 36397 | Snake:2  | Reached XP level 18. HP: 134/156 MP: 0/0
 36528 | Snake:2  | Identified the +1 robe "Fuolo" {^Drain rElec rPois}
 36558 | Snake:2  | Identified the serpent talisman of Youthful Indiscretion
                  | {SInv}
 36558 | Snake:2  | Noticed Aizul
 36569 | Snake:2  | Killed Aizul
 36581 | Snake:2  | XOM: snakes to sticks
 36816 | Snake:2  | XOM: god gift: glowing robe {god gift}
 36837 | Snake:2  | XOM: destruction
 36861 | Snake:2  | XOM: 8-stop teleportation journey
 36911 | Snake:2  | XOM: confuse monster(s)
 37053 | Snake:2  | XOM: potion effect (might)
 37069 | Snake:2  | XOM: divination: detect creatures
 37086 | Snake:2  | XOM: god gift: runed sling {god gift}
 37262 | Snake:3  | XOM: enchant monster (good)
 37661 | Snake:3  | XOM: god gift: wand of light (3)
 38112 | Snake:4  | Entered Level 4 of the Snake Pit
 38242 | Snake:4  | XOM: cleaving
 38298 | Snake:4  | XOM: enchant monster (good)
 38305 | Snake:4  | Gained mutation: You are extremely robust. (+30% HP)
                  | [hidden potential]
 38305 | Snake:4  | Lost mutation: You have hidden genetic potential. [hidden
                  | potential expressed]
 38315 | Snake:4  | XOM: 2-stop teleportation journey
 38353 | Snake:4  | XOM: 2-stop teleportation journey
 38354 | Snake:4  | Noticed Bai Suzhen
 38354 | Snake:4  | XOM: 1-stop teleportation journey
 38357 | Snake:4  | XOM: blink monster(s)
 38365 | Snake:4  | XOM: enchant monster (bad)
 38741 | Snake:4  | Reached skill level 14 in Spellcasting
 38741 | Snake:4  | Noticed Donald
 38748 | Snake:4  | Killed Donald
 38787 | Snake:4  | XOM: chaos cloud
 38903 | Snake:4  | XOM: enchant monster (bad)
 39054 | Snake:4  | XOM: cast spell 'Cause Fear'
 39076 | Snake:4  | XOM: 1-stop teleportation journey
 39080 | Snake:4  | XOM: 3-stop teleportation journey
 39217 | Snake:4  | XOM: noise
 39218 | Snake:4  | XOM: potion effect (brilliance)
 39299 | Snake:4  | Reached XP level 19. HP: 135/178 MP: 0/0
 39299 | Snake:4  | Learned a level 7 spell: Ozocubu's Refrigeration
 39425 | Snake:4  | Got a serpentine rune of Zot
 39504 | Snake:4  | XOM: silly message
 39817 | Snake:4  | XOM: destruction
 40045 | Snake:4  | XOM: cloud trail
 40116 | Snake:1  | XOM: silly message
 40208 | Shoals:1 | Entered Level 1 of the Shoals
 40243 | Shoals:1 | XOM: cast spell 'Chain of Chaos'
 40683 | Shoals:1 | Noticed Roxanne
 40685 | Shoals:1 | XOM: fog
 40703 | Shoals:1 | XOM: cast spell 'Olgreb's Toxic Radiance'
 40709 | Shoals:1 | Killed Roxanne
 40735 | Shoals:1 | XOM: noise
 40847 | Shoals:1 | Identified the +2 scale mail of Gafeilu {^Contam rC- Int+8
                  | Stlth+}
 40865 | Shoals:1 | XOM: give mutation
 40865 | Shoals:1 | Lost mutation: You occasionally lose the ability to read
                  | scrolls when taking damage. [Xom's mischief]
 40883 | Shoals:1 | XOM: silly message
 41286 | Shoals:2 | XOM: blink monster(s)
 41320 | Shoals:2 | XOM: noise
 41423 | Shoals:2 | Identified the orb of Boczun {*channel, rC+ Str+3 Int-2}
 41584 | Shoals:2 | Reached skill level 15 in Spellcasting
 41752 | Shoals:2 | XOM: cleaving
 41848 | Shoals:2 | XOM: god gift: scroll of enchant armour
 42161 | Shoals:3 | XOM: noise
 42162 | Shoals:3 | XOM: swap monsters
 42423 | Shoals:3 | XOM: give mutations
 42423 | Shoals:3 | Lost mutation: You are extremely robust. (+30% HP) [Xom's
                  | mischief]
 42423 | Shoals:3 | Gained mutation: You occasionally lose the ability to read
                  | scrolls when taking damage. [Xom's mischief]
 42665 | Shoals:3 | XOM: 1-stop teleportation journey
 42761 | Shoals:3 | XOM: 1-stop teleportation journey
 42762 | Shoals:3 | Noticed a tentacled monstrosity
 42762 | Shoals:3 | XOM: fog
 42774 | Shoals:3 | Killed a tentacled monstrosity
 42779 | Shoals:3 | Identified the ring of Onomam Zyomp {Will+ Str+3 Int+3}
 42983 | Shoals:3 | XOM: god gift: 31 gold pieces
 43078 | Shoals:3 | Found a transporter.
 43080 | Shoals:3 | Found a transporter.
 43081 | Shoals:3 | Noticed Detyups's ghost (adept VSFi)
 43241 | Shoals:3 | XOM: destruction
 43270 | Shoals:3 | XOM: god gift: scroll of noise
 43501 | Shoals:3 | XOM: polymorph kraken -> emperor scorpion
 43523 | Shoals:3 | Reached XP level 20. HP: 163/174 MP: 0/0
 43527 | Shoals:3 | Killed Detyups's ghost
 43545 | Shoals:3 | Identified the +3 short sword "Kolast" {holy, Dex+4}
 43553 | Shoals:3 | Identified the ring "Daluibb" {Int+6 Dex+5}
 43625 | Shoals:3 | XOM: god gift: 16 gold pieces
 43643 | Shoals:4 | Entered Level 4 of the Shoals
 43693 | Shoals:4 | Found a glowing silver altar of Zin.
 43704 | Shoals:4 | XOM: polymorph merfolk aquamancer -> glowing shapeshifter
 43706 | Shoals:4 | XOM: confuse monster(s)
 43758 | Shoals:3 | XOM: god gift: scroll of immolation
 43766 | Shoals:3 | XOM: cloud trail
 43938 | Shoals:4 | Reached skill level 16 in Spellcasting
 44109 | Shoals:4 | XOM: fog
 44319 | Shoals:4 | XOM: fog
 44482 | Shoals:4 | Identified the staff of Abuse {rPois Dex+3 Summ Alchemy}
 44843 | Shoals:4 | XOM: give mutation
 44935 | Shoals:4 | Found a glowing golden altar of the Shining One.
 44945 | Shoals:4 | XOM: destruction
 44957 | Shoals:4 | XOM: summons friendly shadow imp
 44962 | Shoals:4 | XOM: divination: detect creatures
 44985 | Shoals:4 | XOM: summons 8 friendly demons
 45044 | Shoals:4 | XOM: give mutations
 45044 | Shoals:4 | Gained mutation: You are weak. (Str -2) [Xom's mischief]
 45044 | Shoals:4 | Lost mutation: You have a pair of antennae on your head.
                  | [Xom's mischief]
 45131 | Shoals:4 | Got a barnacled rune of Zot
 45234 | Shoals:4 | Reached skill level 15 in Dodging
 45244 | Shoals:4 | XOM: enchant monster (good)
 45454 | Shoals:4 | XOM: cloud trail
 45717 | Elf:1    | Entered Level 1 of the Elven Halls
 45718 | Elf:1    | XOM: summons friendly ufetubus
 45720 | Elf:1    | Paralysed by an air elemental for 1 turns
 45724 | Elf:1    | Paralysed by an air elemental for 1 turns
 45735 | Elf:1    | Paralysed by an air elemental for 1 turns
 45948 | Elf:1    | XOM: summons friendly quasit
 46130 | Elf:1    | XOM: fog
 46133 | Elf:1    | XOM: swap monsters
 46158 | Elf:1    | XOM: silly message
 46583 | Vaults:1 | XOM: noise
 46583 | Vaults:1 | Entered Level 1 of the Vaults
 46612 | Vaults:1 | XOM: noise
 46674 | Vaults:1 | Found Gaefu's Magic Scroll Shop.
 46674 | Vaults:1 | XOM: 3-stop teleportation journey
 46681 | Vaults:1 | Reached skill level 17 in Spellcasting
 46720 | Vaults:1 | Bought a scroll of enchant armour for 105 gold pieces
 46728 | Vaults:1 | XOM: noise
 46753 | Vaults:1 | Found Ogycainlum's Assorted Antiques.
 46760 | Vaults:1 | XOM: 2-stop teleportation journey
 46765 | Vaults:1 | Found Hudacol's Jewellery Shop.
 46863 | Vaults:1 | XOM: summons 1 hostile demon
 46997 | Vaults:1 | Found a runed translucent gate.
 46998 | Vaults:1 | Found a runed translucent gate.
 46998 | Vaults:1 | Found a runed translucent gate.
 47000 | Vaults:1 | Noticed Ruxt's ghost (adept MiFi)
 47003 | Vaults:1 | XOM: cleaving
 47027 | Vaults:1 | Killed Ruxt's ghost
 47033 | Vaults:1 | Identified the ring of the Irksome God {+Blink rC+ rN+}
 47195 | Vaults:1 | XOM: summons 2 hostile demons
 47249 | Vaults:1 | XOM: give mutations
 47249 | Vaults:1 | Gained mutation: Potions are less effective at restoring
                  | your health. [Xom's mischief]
 47249 | Vaults:1 | Lost mutation: Your spells are a little harder to cast, but
                  | a little more powerful. [Xom's mischief]
 47249 | Vaults:1 | Lost mutation: You are very robust. (+20% HP) [Xom's
                  | mischief]
 47249 | Vaults:1 | Gained mutation: Your flesh is almost immune to the effects
                  | of heat. (rF+++) [Xom's mischief]
 47252 | Vaults:1 | Found the +5 glaive of the Guard {elec, spectral}
 47252 | Vaults:1 | XOM: 3-stop teleportation journey
 47260 | Vaults:1 | Killed from afar by an ironbound thunderhulk

Illustrated notes

Levels and vault maps discovered:
D:1:      dpeg_arrival_round_b, layout_basic
D:2:      layout_loops_ring
D:3:      layout_basic, serial_shops, shop, minmay_misc_feat_room
D:4:      layout_basic, mainiacjoe_overflow_boulevard,
          nicolae_dithmenos_through_a_glass_darkly, uniq_pikel
D:5:      layout_cave_pools, ashenzari_conservatory_becter,
          mainiacjoe_overflow_alcove_1
D:6:      layout_basic, cheibriados_altar_1, minitemple,
          nicolae_kikubaaqudgha_miasma_corner, minmay_temple_entry_slanted
D:7:      layout_basic, enter_bailey_5, uniq_jeremiah
D:8:      layout_gridville, uniq_prince_ribbit1
D:9:      layout_basic, mainiacjoe_overflow_small_starburst,
          overflow_temple_1_default, amcnicky_altar_gilded, serial_shops,
          nicolae_shop_peninsula, kennysheep_small_circle
D:10:     nicolae_hexawheel, layout_loops_ring, nicolae_uskayaw_suspiria,
          chequers_serial_rivers_micro_b
D:11:     layout_grid_maze, due_lair_maze_entry_diamond,
          minmay_orc_entry_temple_small, uniq_psyche
D:12:     minmay_the_grid_octo_tiled_squarecenter_mashed
          [minmay_the_grid_octo_concentric, minmay_the_grid_octo_thin_diamonds,
          minmay_the_grid_octo_focus, minmay_the_grid_octo_pinwheel,
          minmay_the_grid_square_5x5_megaprize_open,
          minmay_the_grid_square_5x5_c,
          minmay_the_grid_square_5x5_almost_minimal,
          minmay_the_grid_square_5x5_mess, minmay_the_grid_square_5x5_two],
          layout_loops_ring, serial_shops, kennysheep_mini, uniq_frances
D:13:     minmay_shrinking_squares, layout_rooms, serial_curves, eino_curves_01,
          eino_curves_03, chequers_serial_rivers_micro_c, item_on_display_a
D:14:     minmay_five_octagons, layout_basic, david_vaults_1,
          okawaru_metal_pillars_1_2
D:15:     hangedman_depths_entry_try_elsewhere_first, layout_loops_cross,
          uniq_louise
Lair:1:   layout_regular_city
Lair:2:   layout_regular_city, nicolae_snake_entry_warm_welcome,
          portal_ice_cave_entry_pillars_2, basic_altar, minmay_holes,
          chequers_serial_rivers_large_b, nicolae_lair_lakeside_cave
Lair:3:   layout_small_grid, elwin_shoals_entry_stream, disabler_island
Lair:4:   layout_big_grid, minmay_slime_entry_pillars
Lair:5:   gammafunk_lair_ancient_temple, layout_regular_city,
          gammafunk_ghost_necromancy, minivault_26,
          nicolae_lair_grove_arrangements, infiniplex_staircase_pool, uniq_snorg
Shoals:1: layout_shoals, uniq_roxanne
Shoals:2: layout_shoals
Shoals:3: dreamdust_from_the_deep, layout_shoals, ebering_ghost_davey_jones
Shoals:4: shoals_end_hellmonk_holy_island
Snake:1:  layout_basic, ebering_ghost_reflecting_pool, minmay_shop_grove
Snake:2:  layout_onion, grunt_megastairs_4, minmay_shop_star, uniq_aizul
Snake:3:  layout_rooms, st_stairs_6
Snake:4:  grunt_snake_rune_pools, layout_gridlike, basic_altar,
          grunt_megastairs_2, uniq_donald, uniq_bai_suzhen
Orc:1:    layout_caves, gammafunk_ghost_fury_of_okawaru, minmay_orc_barracks,
          uniq_fannar
Orc:2:    grunt_orc_cross, layout_caves, basic_altar, serial_shops,
          nicolae_shop_trees, uniq_azrael
Elf:1:    layout_rooms, minivault_28, st_stairs_10
Vaults:1: ebering_ghost_rock_garden, vaults_room_door_ring,
          nicolae_vaults_spaceships, ontoclasm_vaults_ring_square,
          nicolae_vaults_stand_back, layout_vaults_quadrants, serial_shops,
          shop, shop, shop

Skill      XL: |  1  2  3  4  5  6  7  8  9 10 11 12 13 14 15 16 17 18 19 20 |
---------------+-------------------------------------------------------------+-----
Spellcasting   | 1 2 3 4 5 7 8 9 10 11 13 14 15 17 | 17.2
Conjurations   | 1 2 3 4 5 7 8 9 10 11 12 13 14 | 14.7
Hexes          | 1 2 3 4 5 7 8 9 10 11 12 13 14 | 14.7
Summonings     | 1 2 3 4 5 7 8 9 10 11 12 13 14 | 14.7
Necromancy     | 1 2 3 4 5 7 8 9 10 11 12 13 14 | 14.7
Translocations | 1 2 3 4 5 7 8 9 10 11 12 13 14 | 14.7
Fire Magic     | 1 2 3 4 5 7 8 9 10 11 12 13 14 | 14.7
Ice Magic      | 1 2 3 4 5 7 8 9 10 11 12 13 14 | 14.7
Air Magic      | 1 2 3 4 5 7 8 9 10 11 12 13 14 | 14.7
Earth Magic    | 1 2 3 4 5 7 8 9 10 11 12 13 14 | 14.7
Alchemy        | 1 2 3 4 5 7 8 9 10 11 12 13 14 | 14.7
Long Blades    | 3 4 5 6 7 8 9 10 11 12 13 | 13.2
Armour         | 2 3 4 6 7 8 9 10 11 12 13 14 | 14.0
Dodging        | 3 4 5 7 8 9 10 11 12 13 14 15 | 15.3
Fighting       | 4 5 7 8 9 10 11 12 13 14 | 14.3
Evocations     | 2 3 5 6 7 8 |  8.0
Shields        | 2 8 10 11 12 13 14 15 16 | 16.2

Action                     |  1- 3 |  4- 6 |  7- 9 | 10-12 | 13-15 | 16-18 | 19-21 || total
---------------------------+-------+-------+-------+-------+-------+-------+-------++-------
  Melee: Falchion          |   107 |   133 |   252 |   428 |       |       |       ||   920
         Headbutt          |       |       |    29 |    43 |       |       |       ||    72
         Quick blade       |       |       |       |    88 |       |    41 |       ||   129
         Scimitar          |       |       |       |   104 |   492 |   704 |   599 ||  1899
   Cast: Call Imp          |       |     4 |    12 |    13 |     1 |       |       ||    30
         Flame Wave        |       |       |       |     8 |     3 |     1 |     1 ||    13
         Blink             |       |       |       |     1 |     1 |     1 |     2 ||     5
         Olgreb's Toxic Ra |       |       |       |    19 |    10 |     8 |    15 ||    52
         Summon Cactus Gia |       |       |       |       |       |     1 |     1 ||     2
         Metabolic Englaci |       |       |       |       |       |       |     1 ||     1
         Ozocubu's Refrige |       |       |       |       |       |       |    18 ||    18
         Eringya's Noxious |       |       |       |       |       |       |     1 ||     1
  Evoke: Wand              |       |       |     4 |     1 |     2 |       |       ||     7
         Phial of floods   |       |       |       |       |     1 |     1 |       ||     2
    Use: Scroll            |     1 |       |     3 |     1 |     8 |    11 |     3 ||    27
         Potion            |       |     3 |       |     2 |     2 |       |     2 ||     9
   Stab: Petrified         |     2 |     2 |       |     8 |       |       |       ||    12
         Distracted        |       |     1 |       |     6 |     3 |       |     1 ||    11
         Confused          |       |       |     1 |     2 |       |     3 |     1 ||     7
         Sleeping          |       |       |     2 |     1 |       |       |       ||     3
         Invisible         |       |       |       |     8 |     1 |       |       ||     9
         Petrifying        |       |       |       |     1 |       |       |       ||     1
         Paralysed         |       |       |       |     1 |       |     1 |       ||     2
 Armour: Leather armour    |    66 |    68 |   133 |   264 |   184 |   264 |   235 ||  1214
         Acid dragon scale |       |       |       |    50 |    43 |       |       ||    93
  Dodge: Dodged            |    59 |    68 |   125 |   413 |   247 |   334 |   285 ||  1531
  Block: Buckler           |     7 |    21 |   120 |   287 |       |       |       ||   435
         Reflection        |       |       |       |     6 |    26 |   102 |    68 ||   202
         Kite shield       |       |       |       |   339 |   510 |   874 |   682 ||  2405

Table legend: (Time is in decaauts)
 A = Elapsed time spent in this place.
 B = Non-inter-level travel time spent in this place.
 C = Inter-level travel time spent in this place.
 D = Time resting spent in this place.
 E = Time spent auto-exploring this place.
 F = Levels seen in this place.
 G = Mean time per level.
                   A        B        C        D        E       F      G
               +--------+--------+--------+--------+--------+-----+--------+
         Total |  47315 |  44861 |   2454 |  16605 |  20784 |  34 | 1391.6 |
       Dungeon |  25375 |  23806 |   1569 |  11986 |   8682 |  15 | 1691.7 |
          Lair |   4940 |   4531 |    409 |    463 |   3303 |   5 |  988.0 |
        Shoals |   5288 |   5083 |    205 |    699 |   3372 |   4 | 1322.0 |
     Snake Pit |   4952 |   4802 |    150 |   1091 |   2841 |   4 | 1238.0 |
  Orcish Mines |   2818 |   2700 |    118 |    822 |   1459 |   2 | 1409.0 |
   Elven Halls |    231 |    231 |      0 |      0 |    110 |   1 |  231.0 |
        Vaults |    665 |    665 |      0 |      0 |    506 |   1 |  665.0 |
        Bailey |   1676 |   1676 |      0 |    792 |    238 |   1 | 1676.0 |
      Ice Cave |   1366 |   1366 |      0 |    751 |    272 |   1 | 1366.0 |
               +--------+--------+--------+--------+--------+-----+--------+

Top non-repeatable levels by time:
     D:1: 10730 daAuts
    D:10: 2028 daAuts
 Snake:4: 1932 daAuts
Shoals:3: 1839 daAuts
   Orc:2: 1814 daAuts
  Bailey: 1676 daAuts
Shoals:4: 1543 daAuts
  Lair:2: 1487 daAuts
   IceCv: 1366 daAuts
    D:14: 1275 daAuts
     D:4: 1218 daAuts
 Snake:1: 1126 daAuts
  Lair:5: 1112 daAuts
  Lair:3: 1087 daAuts
    D:11: 1062 daAuts
